 Dungeon Crawl Stone Soup version 0.26.1-11-gd32895ea62 (webtiles) character file.

Game seed: 13077049353528719931

945 Zeld the Chucker (level 8, 0/50 HPs)
             Began as an Octopode Brigand on May 16, 2021.
             Was a Follower of Fedhas.
             Slain by an orc priest
             ... wielding a +0 mace
              (8 damage)
             ... on level 8 of the Dungeon.
             The game lasted 00:03:58 (5859 turns).

Zeld the Chucker (Octopode Brigand)                 Turns: 5859, Time: 00:03:59

Health: 0/50       AC:  1    Str: 13    XL:     8   Next: 13%
Magic:  14/14      EV: 13    Int: 13    God:    Fedhas [*.....]
Gold:   116        SH:  0    Dex: 13    Spells: 16/16 levels left

rFire    . . .     SeeInvis .   n - +1 dagger (venom)
rCold    . . .     Faith    .   (no shield)
rNeg     . . .     Spirit   .   (helmet restricted)
rPois    .         Reflect  .   (no amulet)
rElec    .         Harm     .   (no ring)
rCorr    .         Rampage  .   (no ring)
Will     .....                  (no ring)
Stlth    ++++......             (no ring)
HPRegen  0.16/turn              (no ring)
MPRegen  0.14/turn              (no ring)
                                (no ring)
                                (no ring)

@: no status effects
A: almost no armour, stealthy swim, amphibious, 8 rings, constrict 8, camouflage
1, gelatinous body 1
a: Renounce Religion


You were on level 8 of the Dungeon.
You worshipped Fedhas.
Fedhas was aware of your devotion.
You visited 2 branches of the dungeon, and saw 9 of its levels.

You collected 116 gold pieces.

Inventory:

Hand Weapons
 a - a +2 dagger
 n - a +1 dagger of venom (weapon)
Missiles
 b - 22 poisoned darts (quivered)
 c - 2 curare-tipped darts
Jewellery
 k - an uncursed ring of ice {unknown}
Wands
 g - a wand of paralysis (3)
 j - a wand of flame (12)
Scrolls
 d - 3 scrolls of identify {unknown}
 e - 2 scrolls of teleportation {unknown}
 i - a scroll of blinking {unknown}
Potions
 f - a potion of curing {unknown}
 h - a potion of degeneration {unknown}
 l - a potion of mutation {unknown}
 m - a potion of haste {unknown}


   Skills:
 - Level 2.0 Fighting
 * Level 5.0 Short Blades
 - Level 6.0 Throwing
 - Level 1.0 Dodging
 - Level 5.3 Stealth
 + Level 4.6 Spellcasting


You had 16 spell levels left.
You didn't know any spells.
Your spell library contained the following spells:

 Spells                   Type           Power        Failure   Level
 Corona                   Hex            2%           21%         1
 Slow                     Hex            2%           30%         2
 Inner Flame              Hex/Fire       2%           52%         3
 Portal Projectile        Hex/Tloc       4%           52%         3
 Cause Fear               Hex            1%           89%         4
 Leda's Liquefaction      Hex/Erth       1%           89%         4


Dungeon Overview and Level Annotations

Branches:
Dungeon (8/15)             Temple (1/1) D:4
   Lair: D:8-11

Altars:
Ashenzari
Cheibriados
Dithmenos
Elyvilon
Fedhas
Gozag
Hepliaklqana
Kikubaaqudgha
Makhleb
Okawaru
Qazlal
Sif Muna
Trog
Uskayaw
Vehumet
Wu Jian
Zin
The Shining One

Annotations:
D:8 Maurice


Innate Abilities, Weirdness & Mutations

You cannot wear most types of armour.
You are very stealthy in the water. (Stealth+)
You are amphibious.
You can wear up to eight rings at the same time.
You can use your tentacles to constrict eight enemies at once.
Your skin changes colour to match your surroundings (Stealth+).
Your rubbery body absorbs attacks. (AC +1, EV +1)


Message History

Beogh smites you!
You are too injured to fight recklessly!
The centaur zombie hits you. The orc priest misses you.
You climb downwards.
Level annotation: Maurice
There is a stone staircase leading up, spattered with blood here.
You hit the orc priest. Your grab misses the orc priest.
The orc priest is lightly wounded.
You hit the orc priest but do no damage.
The orc priest is poisoned.
You grab the orc priest.
The orc priest is lightly wounded.
You constrict the orc priest, but do no damage.
The orc priest mumbles some strange prayers to Beogh against you.
Beogh smites you!
* * * LOW HITPOINT WARNING * * *
You hit the orc priest.
The orc priest looks even sicker.
The orc priest is moderately wounded.
You constrict the orc priest. The orc priest hits you with a +0 mace!
You die...
Fedhas appreciates your contribution to the ecosystem.

#....####.....#
#...[.........#
#........######
#........#....#
#........'.<..#
#........#.####
######'##.##
#.......).[#
#.......o@.#
#..#########
#..###..#####
#...........#
#...........#
#...........#
#############


You could see an orc priest (very poisoned).

Vanquished Creatures
  Grinder (D:3)
  A water moccasin (D:7)
  2 ogres
  A centaur (D:5)
  A bullfrog (D:6)
  A howler monkey (D:6)
  2 orc priests (D:8)
  3 orc wizards
  An iguana (D:8)
  Ijyb (D:3)
  3 gnolls (D:6)
  4 adders
  An adder skeleton (D:6)
  11 orcs
  A bat (D:2)
  A giant cockroach (D:4)
  2 goblins (D:3)
  2 hobgoblins (D:3)
  4 jackals (D:2)
  2 kobolds
  2 quokka skeletons (D:6)
  A rat (D:3)
48 creatures vanquished.

Notes
Turn   | Place    | Note
-------+----------+-------------------------------------------
     0 | D:1      | Zeld the Octopode Brigand began the quest for the Orb.
     0 | D:1      | Reached XP level 1. HP: 14/14 MP: 1/1
    74 | D:2      | Reached XP level 2. HP: 19/19 MP: 2/2
    99 | D:2      | Reached skill level 1 in Spellcasting
   323 | D:3      | Reached skill level 3 in Throwing
   323 | D:3      | Reached XP level 3. HP: 24/24 MP: 4/4
   389 | D:3      | Noticed Ijyb
   398 | D:3      | Killed Ijyb
   399 | D:3      | Reached XP level 4. HP: 27/29 MP: 4/6
   477 | D:3      | Noticed Grinder
   484 | D:3      | Paralysed by Grinder for 6 turns
   499 | D:3      | Paralysed by Grinder for 4 turns
   506 | D:3      | Paralysed by Grinder for 3 turns
   510 | D:4      | Noticed an ogre
   959 | D:4      | Killed an ogre
   960 | D:4      | Reached skill level 4 in Throwing
   960 | D:4      | Reached XP level 5. HP: 34/34 MP: 6/8
   971 | D:4      | Found a staircase to the Ecumenical Temple.
   983 | Temple   | Entered the Ecumenical Temple
  1143 | Temple   | Became a worshipper of Fedhas Madash
  1335 | D:3      | Killed Grinder
  1336 | D:3      | Reached skill level 5 in Throwing
  1336 | D:3      | Reached XP level 6. HP: 12/39 MP: 8/10
  1902 | D:5      | Entered Level 5 of the Dungeon
  2031 | D:5      | Reached skill level 6 in Throwing
  2031 | D:5      | Reached XP level 7. HP: 14/45 MP: 10/12
  3167 | D:7      | Reached * piety under Fedhas
  3168 | D:7      | HP: 1/45 [orc/+0 mace (5)]
  4029 | D:8      | Reached XP level 8. HP: 46/50 MP: 14/14
  4151 | D:8      | Noticed Maurice
  5610 | D:8      | Reached skill level 5 in Short Blades
  5859 | D:8      | Slain by an orc priest

Illustrated notes

Levels and vault maps discovered:
D:1:      erik_arrival_blinker_ship, layout_loops_ring,
          hangedman_abyss_or_decor_lesser_grid
D:2:      layout_loops_corners, minmay_misc_feat_room, minmay_cut_off
D:3:      wad_river_or_something, layout_basic, kennysheep_generic_room_3,
          uniq_ijyb, uniq_grinder, uniq_natasha
D:4:      layout_gridville, minmay_temple_entry_statues_fountains,
          amcnicky_mini_pool_small, makhleb_heckhound_becter, uniq_robin
D:5:      layout_basic
D:6:      layout_cave_pods
D:7:      layout_rooms, okawaru_humans
D:8:      layout_gridville, chequers_temple_overflow_minitemple, uniq_grum,
          uniq_maurice
Temple:   hc_temple_tempest_star

Skill      XL: |  1  2  3  4  5  6  7  8 |
---------------+-------------------------+-----
Spellcasting   | 1 2 3 4 |  4.6
Throwing       | 3 4 5 6 |  6.0
Short Blades   | 4 5 |  5.0
Fighting       | |  2.0
Dodging        | |  1.0
Stealth        | |  5.3

Action                   |  1- 3 |  4- 6 |  7- 9 || total
-------------------------+-------+-------+-------++-------
Melee: Dagger            |    30 |    22 |    76 ||   128
       Tentacles         |     4 |     9 |    14 ||    27
       Constrict         |     5 |     4 |    17 ||    26
Throw: Dart              |       |     6 |     6 ||    12
Evoke: Wand              |       |     1 |     4 ||     5
 Stab: Sleeping          |     6 |       |     5 ||    11
       Paralysed         |       |     2 |       ||     2
Armor: Skin              |     3 |     3 |     2 ||     8
Dodge: Dodged            |    19 |    12 |    62 ||    93
